 Dungeon Crawl Stone Soup version 0.32-a0-872-g59262bdc9b (webtiles) character file.

Game seed: 10121935540298641620

4239 Autsider the Fighter (level 10, -1/114 HPs)
             Began as an Oni Shapeshifter on Mar 30, 2024.
             Was a Follower of Qazlal.
             Slain by a brown very ugly thing (19 damage)
             ... on level 3 of the Abyss.
             The game lasted 00:17:01 (6928 turns).

Autsider the Fighter (Oni Shapeshifter)             Turns: 6928, Time: 00:17:02

Health: -1/114     AC:  3    Str: 30    XL:     10   Next: 30%
Magic:  14/14      EV:  8    Int: 11    God:    Qazlal [*.....]
Gold:   465        SH:  2    Dex:  8    Spells: 9/9 levels left

rFire   + . .        x - +9 whip "Rori" {protect, rF+}
rCold   . . .        (no shield)
rNeg    . . .        a - +0 animal skin
rPois   .            (helmet currently unavailable)
rElec   .            (cloak currently unavailable)
rCorr   .            (gloves unavailable)
SInv    .            (boots unavailable)
Will    ++...        (no amulet)
Stlth   +            g - +6 ring of strength
HPRegen 0.39/turn    n - ring of willpower
MPRegen 0.14/turn

%: no passive effects
@: beast-form
A: beast (slay +4), large, unfitting armour, horns 1, tough skin 1, double
potion healing, drunken brawling
a: Begin Untransformation, Renounce Religion


You were on level 3 of the Abyss.
You worshipped Qazlal.
Qazlal was aware of your devotion.
You were a hulking beast.
You visited 2 branches of the dungeon, and saw 8 of its levels.
You visited the Abyss 1 time.

You collected 465 gold pieces.

Inventory:

Hand Weapons
 k - a +2 whip of electrocution
 x - the +9 whip "Rori" (weapon) {protect, rF+}
   (You found it on level 3 of the Dungeon)

   rF+:       It protects you from fire.
Armour
 a - a +0 animal skin (worn)
 B - a scarf of resistance
Jewellery
 g - a +6 ring of strength (left hand)
 i - a ring of see invisible
 n - a ring of willpower (right hand)
 w - a ring of poison resistance
Talismans
 c - a beast talisman (active)
 d - a flux talisman
 y - a serpent talisman
Wands
 I - a wand of paralysis (12)
Scrolls
 e - 4 scrolls of silence
 j - 3 scrolls of teleportation {unknown}
 l - 2 scrolls of blinking {unknown}
 m - 4 scrolls of identify {unknown}
 o - 2 scrolls of noise {unknown}
 r - a scroll of enchant armour {unknown}
 s - a scroll of brand weapon {unknown}
 v - 2 scrolls of amnesia {unknown}
 z - a scroll of vulnerability {unknown}
 C - a scroll of immolation {unknown}
 F - a scroll of fog {unknown}
 G - 2 scrolls of fear {unknown}
 H - a scroll of poison {unknown}
Potions
 b - 2 potions of lignification
 f - 5 potions of attraction {unknown}
 h - a potion of might {unknown}
 p - 2 potions of curing {unknown}
 q - a potion of magic {unknown}
 t - 2 potions of heal wounds {unknown}
 u - 2 potions of enlightenment {unknown}
 A - a potion of cancellation {unknown}
 D - a potion of berserk rage {unknown}
 E - a potion of degeneration {unknown}


   Skills:
 - Level 11.3 Fighting
 - Level 5.0 Maces & Flails
 - Level 1.7 Dodging
 - Level 2.6 Unarmed Combat
 * Level 6.0 Invocations
 * Level 9.1 Shapeshifting


You had 9 spell levels left.
You didn't know any spells.
Your spell library contained the following spells:

 Spells                   Type           Power      Damage    Failure   Level
 Jinxbite                 Hex            0%         N/A       47%         2
 Dazzling Flash           Conj/Hex       0%         N/A       71%         3
 Mephitic Cloud           Conj/Alch/Air  0%         N/A       71%         3
 Passwall                 Erth           0%         N/A       71%         3
 Volatile Blastmotes      Fire/Tloc      0%         2d10      71%         3
 Vhi's Electric Charge    Tloc/Air       0%         N/A       98%         4
 Curse of Agony           Necr           0%         N/A       100%        5
 Silence                  Hex/Air        0%         N/A       100%        5
 Bombard                  Conj/Erth      0%         9d1       100%        6


Dungeon Overview and Level Annotations

Branches:
Dungeon (7/15)             Temple (1/1) D:5

Altars:
Ashenzari
Dithmenos
Elyvilon
Fedhas
Gozag
Hepliaklqana
Kikubaaqudgha
Makhleb
Nemelex Xobeh
Okawaru
Qazlal
Ru
Sif Muna
Trog
Uskayaw
Vehumet
Wu Jian
Xom
Zin
The Shining One
Lugonu

Shops:
D:5 [   D:7 =!(

Portals:
Abyss: D:7

Annotations:
D:3 2 transporters


Innate Abilities, Weirdness & Mutations

You are a hulking beast.
Your limbs bulge with bestial killing power. (Slay +4)
You are too large for most types of armour.
You have a pair of small horns on your head.
You have tough skin. (AC +1)
You gain doubled healing and magic from potions.
Whenever you drink a healing potion, you attack all around you.


Message History

Your headbutt misses the small abomination.
The small abomination is moderately damaged.
The small abomination hits you!
* * * LOW HITPOINT WARNING * * *
You whack the small abomination!
The small abomination is severely damaged.
The small abomination barely misses you.
You completely miss the small abomination.
You headbutt the small abomination.
The small abomination is severely damaged.
The small abomination hits you but does no damage.
You whack the small abomination!
You destroy the small abomination!
Qazlal accepts your kill.
Your Invocations skill increases to level 6!
You enter the shallow water.
Why would you want to do that?
A golden eye comes into view.
Found a gateway leading deeper into the Abyss.
There is a gateway leading deeper into the Abyss here.
You plunge deeper into the Abyss.
The abyssal rune of Zot can be found at this depth.
A brown very ugly thing comes into view.
The brown very ugly thing gurgles horribly!
The brown very ugly thing barely misses you.
The brown very ugly thing barely misses you.
The brown very ugly thing attacks as it pursues you!
The brown very ugly thing tail-slaps you!!
* * * LOW HITPOINT WARNING * * *
You are splashed with acid!
* * * LOW HITPOINT WARNING * * *
The brown very ugly thing attacks as it pursues you!
The brown very ugly thing barely misses you.
The brown very ugly thing tail-slaps you!
* * * LOW HITPOINT WARNING * * *
You are splashed with acid.
* * * LOW HITPOINT WARNING * * *
The brown very ugly thing attacks as it pursues you!
The brown very ugly thing tail-slaps you!!
You die...

.#. ## ....##.## #
#....#h#.# ##.u.# #
#.#..#### ## . #
#....#.# #.. .
..###.###...# .# # #
.#....###.##..# ###.
.#.#. #....# ## ..
..#.## #.. #.##.#
........#.....#...#.#


You could see a brown very ugly thing.

Vanquished Creatures
  Pikel (D:5)
  The ghost of Konar the Shooter, an amateur CoHu of Hepliaklqana (D:5)
  2 raiju (Abyss:2)
  A water moccasin (D:7)
  An orc warrior (D:5)
  2 sky beasts (D:7)
  3 black bears
  A small abomination (Abyss:2)
  3 ogres (D:5)
  2 centaurs
  2 phantoms
  A lemure (D:5)
  2 bullfrogs (D:7)
  3 scorpions
  9 wights (D:7)
  2 howler monkeys
  3 bombardier beetles
  7 orc priests
  A jelly (D:5)
  Crazy Yiuf (D:2)
  A sleepcap (D:5)
  7 iguanas
  Natasha (twice) (D:2)
  9 orc wizards
  8 gnolls
  11 adders
  2 white imps
  A ribbon worm (D:3)
  22 orcs
  5 bats
  5 endoplasms
  A giant cockroach (D:4)
  7 goblins
  A hobgoblin (D:2)
  4 jackals
  13 kobolds
  4 quokkas
  7 ball pythons
  7 frilled lizards
  3 rats
168 creatures vanquished.

Notes
Turn   | Place    | Note
-------+----------+-------------------------------------------
     0 | D:1      | Autsider the Oni Shapeshifter began the quest for the Orb.
     0 | D:1      | Reached XP level 1. HP: 19/19 MP: 1/1
    53 | D:1      | Reached skill level 2 in Fighting
   114 | D:1      | Reached XP level 2. HP: 28/29 MP: 2/2
   413 | D:1      | Reached skill level 3 in Fighting
   732 | D:1      | Reached XP level 3. HP: 37/37 MP: 3/3
   952 | D:2      | Noticed Natasha
   959 | D:2      | Killed Natasha
   960 | D:2      | Reached skill level 4 in Fighting
  1082 | D:2      | Reached XP level 4. HP: 46/48 MP: 4/4
  1476 | D:2      | Noticed Natasha
  1485 | D:2      | Killed Natasha
  1486 | D:2      | Reached skill level 5 in Fighting
  1612 | D:2      | Found a runed translucent door.
  1613 | D:2      | Noticed Crazy Yiuf
  1665 | D:2      | Reached XP level 5. HP: 57/57 MP: 5/5
  1814 | D:2      | Killed Crazy Yiuf
  2086 | D:3      | Reached skill level 6 in Fighting
  2300 | D:3      | Noticed a toenail golem
  2314 | D:3      | Noticed a small abomination
  2316 | D:3      | Identified the +9 whip "Rori" {protect, rF+}
  2331 | D:3      | Found a transporter.
  2344 | D:3      | Found a transporter.
  2435 | D:3      | Reached XP level 6. HP: 37/67 MP: 6/6
  2752 | D:4      | Found a sacrificial altar of Ru.
  2792 | D:4      | Reached skill level 7 in Fighting
  2835 | D:4      | Found an ancient bone altar of Kikubaaqudgha.
  3043 | D:4      | Reached XP level 7. HP: 78/78 MP: 7/7
  3248 | D:4      | Reached skill level 8 in Fighting
  3250 | D:4      | Reached skill level 5 in Shapeshifting
  3514 | D:5      | Entered Level 5 of the Dungeon
  3562 | D:5      | Found a bloodstained altar of Trog.
  3584 | D:5      | Found a shimmering blue altar of Sif Muna.
  3596 | D:5      | Reached skill level 9 in Fighting
  3600 | D:5      | Got Sif Muna's Codex of Hexing
  3761 | D:5      | Reached XP level 8. HP: 58/92 MP: 8/8
  3901 | D:5      | Found Wotir's Armour Shop.
  3955 | D:5      | Found a runed translucent door.
  3989 | D:5      | Reached skill level 10 in Fighting
  4000 | D:5      | Found a staircase to the Ecumenical Temple.
  4038 | Temple   | Entered the Ecumenical Temple
  4047 | Temple   | Became a worshipper of Qazlal Stormbringer
  4139 | D:5      | Noticed Pikel
  4159 | D:5      | Killed Pikel
  4331 | D:5      | Reached XP level 9. HP: 96/102 MP: 9/9
  4635 | D:5      | Noticed Konar's ghost (amateur CoHu)
  4648 | D:5      | Killed Konar's ghost
  4649 | D:5      | Reached skill level 11 in Fighting
  4726 | D:6      | Found an opulent altar of Gozag.
  5144 | D:6      | Reached skill level 1 in Invocations
  5464 | D:7      | Found Pufenyfu's Weapon Shoppe.
  5464 | D:7      | Found Quch's Distillery.
  5663 | D:7      | Found a large runed translucent door.
  5663 | D:7      | Found a large runed translucent door.
  5663 | D:7      | Found a corrupted altar of Lugonu.
  6025 | D:7      | Reached * piety under Qazlal
  6197 | D:7      | Found Japto's Jewellery Emporium.
  6204 | D:7      | Reached XP level 10. HP: 109/114 MP: 13/13
  6235 | D:7      | Identified the +3 leather armour of Cocytus {-Cast rPois
                  | Will+++ Str-4}
  6253 | D:7      | Reached skill level 5 in Invocations
  6334 | D:7      | Found a shimmering altar of Xom.
  6671 | D:7      | Found a one-way gate to the infinite horrors of the Abyss.
  6751 | Abyss:2  | Cast into level 2 of the Abyss (kobold brigand)
  6774 | Abyss:2  | Reached skill level 5 in Maces & Flails
  6892 | Abyss:2  | Noticed an apocalypse crab
  6899 | Abyss:3  | Noticed a brown very ugly thing
  6928 | Abyss:3  | Slain by a brown very ugly thing

Illustrated notes

Levels and vault maps discovered:
D:1:      hellmonk_arrival_library, layout_basic
D:2:      layout_basic, uniq_crazy_yiuf_cottage, uniq_natasha
D:3:      layout_rooms, gammafunk_ghost_abyssal_escape
D:4:      layout_loops_ring, lemuel_crystal_altar, lemuel_crystal_altar
D:5:      layout_loops_corners, nzn_overflow_gifts_of_might_and_magic,
          minmay_temple_entry_waves, ebering_ghost_reflecting_pool,
          serial_shops, nicolae_take_the_stairs, uniq_pikel
D:6:      layout_cave_pools, mainiacjoe_overflow_boulevard, serial_column_ruins,
          column_ruins_hut, column_ruins_open_tiny, column_ruins_open_large,
          column_ruins_columns_dead_end, column_ruins_open_small_water,
          column_ruins_open_medium
D:7:      due_chaos_kobolds, layout_loops_cross, tgw_xom, serial_shops, shop,
          nicolae_inconvenience_store, shop
Temple:   nicolae_temple_two_arcs
Abyss:3:  base:
D:2

Skill      XL: |  1  2  3  4  5  6  7  8  9 10 |
---------------+-------------------------------+-----
Fighting       | 2 3 4 5 6 7 9 10 11 | 11.3
Shapeshifting  | 4 5 6 8 9 |  9.1
Maces & Flails | 2 4 5 |  5.0
Invocations    | 4 6 |  6.0
Dodging        | |  1.7
Unarmed Combat | |  2.6

Action                     |  1- 3 |  4- 6 |  7- 9 | 10-12 || total
---------------------------+-------+-------+-------+-------++-------
  Melee: Unarmed           |    28 |       |       |       ||    28
         Headbutt          |     6 |    13 |    35 |    13 ||    67
         Whip              |    30 |   139 |   199 |    51 ||   419
    Use: Scroll            |       |       |     1 |       ||     1
   Stab: Sleeping          |       |     1 |       |       ||     1
 Armour: Animal skin       |    48 |   111 |   147 |    34 ||   340
  Dodge: Dodged            |    22 |    64 |    58 |    15 ||   159
  Block: Other             |       |       |       |     1 ||     1

Table legend: (Time is in decaauts)
 A = Elapsed time spent in this place.
 B = Non-inter-level travel time spent in this place.
 C = Inter-level travel time spent in this place.
 D = Time resting spent in this place.
 E = Time spent auto-exploring this place.
 F = Levels seen in this place.
 G = Mean time per level.
                   A        B        C        D        E       F      G
               +--------+--------+--------+--------+--------+-----+--------+
         Total |   6933 |   6667 |    266 |   1421 |   4064 |  10 |  693.3 |
       Dungeon |   6740 |   6491 |    249 |   1342 |   4063 |   7 |  962.9 |
        Temple |     18 |      1 |     17 |      0 |      0 |   1 |   18.0 |
         Abyss |    174 |    174 |      0 |     79 |      1 |   2 |   87.0 |
               +--------+--------+--------+--------+--------+-----+--------+

Top non-repeatable levels by time:
     D:7: 1277 daAuts
     D:5: 1193 daAuts
     D:2: 1075 daAuts
     D:3: 877 daAuts
     D:1: 799 daAuts
     D:4: 775 daAuts
     D:6: 740 daAuts
 Abyss:2: 139 daAuts
 Abyss:3: 34 daAuts
  Temple: 18 daAuts
